AoeStats
← El Cardo

Nomad

509004880Analyzed
2v2 RM · 7d ago on Sep 25, 2026· 27m 55s· 4 players
Game mode
Random Map
Map size
176×176
Population
200
Speed
Normal
Resources
Standard
Victory
Conquest
Starting age
Dark Age
Ending age
Imperial Age
RankedLock teamsTeams togetherTeam positionsShared explorationLock speedFull tech treeHidden civsTurbo modeCheats
Victory
Defeat
🇦🇷 Varangians · Argentina
1041
+19
🇦🇷 Persians · Argentina
1037
+20
🇨🇱 Slavs · Chile
1139
-20
1112
-19
| SNV | El rey Cris
3:10 Loom
16:45 Feudal Age
19:32 Double-Bit Axe
23:08 Castle Age
21:35 Fishing Lines
22:16 Bloodlines
23:02 Scale Barding Armor
23:55 Forging
24:37 Chain Barding Armor
25:20 Wheelbarrow
25:00 Gillnets
| SNV | AoEBengi
6:18 Loom
12:55 Feudal Age
18:20 Castle Age
20:28 Town Watch
21:07 Medium Warships
21:33 Padded Archer Armor
21:06 Man-at-Arms
21:47 Squires
emidz
6:56 Loom
13:12 Feudal Age
14:15 Double-Bit Axe
21:13 Castle Age
21:59 Stone Mining
22:50 Horse Collar
25:59 Bloodlines
El Cardo
5:38 Loom
14:22 Feudal Age
16:00 Wheelbarrow
18:50 Castle Age
17:19 Double-Bit Axe
19:14 Town Watch
20:37 Gold Mining
22:57 Bow Saw
23:16 Scale Mail Armor
24:19 Chain Mail Armor
24:36 Scale Barding Armor
25:26 Fishing Lines
25:52 Horse Collar
Connection lost

Rejoining the realm…

Still unreachable

The connection could not be restored.

Session expired

The server has moved on; the page needs a fresh start.